 Dungeon Crawl Stone Soup version 0.30.1-11-g7821555f0a (webtiles) character file.

Game seed: 16637767461102589416

1165 str0hmann the Covered (level 8, -3/61 HPs)
             Began as a Human Berserker on Oct 27, 2023.
             Was a Believer of Trog.
             Splashed by a jelly's acid (8 damage)
             ... on level 5 of the Dungeon.
             The game lasted 00:41:06 (3254 turns).

str0hmann the Covered (Human Berserker)             Turns: 3254, Time: 00:41:10

Health: -3/61      AC: -2    Str: 17 (18) XL:     8   Next: 67%
Magic:  8/8        EV:  9    Int:  6      God:    Trog [**....]
Gold:   188        SH:  0    Dex: 18      Spells: 7/7 levels left

rFire   . . .        i - +2 dagger (holy)
rCold   . . .        (no shield)
rNeg    . . .        c - +1 chain mail
rPois   .            z - +2 hat
rElec   .            (no cloak)
rCorr   .            (no gloves)
SInv    .            (no boots)
Will    ++...        (no amulet) Stlth
                     (no ring)
HPRegen 1.30/turn    (no ring)
MPRegen 0.11/turn

%: no passive effects
@: strong-willed, corroded, regenerating
A: agile 1, deterioration 1
a: Renounce Religion, Berserk, Trog's Hand


You were on level 5 of the Dungeon.
You worshipped Trog.
Trog was pleased with you.
You visited 1 branch of the dungeon, and saw 5 of its levels.

You collected 188 gold pieces.

Inventory:

Hand Weapons
 a - a +0 mace
 d - a +0 club
 e - a +1 short sword of venom
 f - a +0 short sword
 i - a +2 dagger of holy wrath (weapon)
 k - a +0 halberd
 w - a +0 flail
 x - a +0 dire flail of holy wrath
 y - a +2 short sword of freezing
Missiles
 m - a throwing net (quivered)
 n - 9 poisoned darts
Armour
 b - a +0 animal skin
 c - a +1 chain mail (worn)
 z - a +2 hat (worn)
Wands
 s - a wand of mindburst (15)
Scrolls
 g - 2 scrolls of teleportation
 h - a scroll of immolation
 j - a scroll of blinking
 l - 2 scrolls of identify {unknown}
 o - a scroll of amnesia {unknown}
 q - a scroll of fear {unknown}
Potions
 p - a potion of invisibility {unknown}
 r - a potion of lignification
 t - a potion of might {unknown}
 u - a potion of mutation
 v - a potion of cancellation {unknown}


   Skills:
 + Level 4.8 Fighting
 + Level 5.5 Short Blades
 + Level 3.9 Maces & Flails
 + Level 6.1 Armour
 + Level 3.1 Dodging


You had 7 spell levels left.
You didn't know any spells.
Your spell library was empty.

Dungeon Overview and Level Annotations

Branches:
Dungeon (5/15)
 Temple: D:4-7

Altars:

Shops:
D:3 =


Innate Abilities, Weirdness & Mutations

You are agile. (Dex +4, Str/Int -1)
Your body sometimes deteriorates upon taking damage.


Message History

You hit the jelly.
Your hands burn!
The jelly is moderately wounded.
The jelly hits you but does no damage.
You hit the jelly. The acid corrodes you!
Your hands burn!
The jelly is severely wounded.
The jelly hits you but does no damage.
You hit the jelly.
Your hands burn!
The jelly is severely wounded.
The jelly hits you but does no damage.
You hit the jelly but do no damage.
Your hands burn!
You punch the jelly.
The jelly is almost dead.
You hit the jelly but do no damage.
Your hands burn!
The jelly is almost dead.
The jelly hits you. The acid corrodes you!
You are splashed with acid!
You hit the jelly but do no damage. The acid corrodes you!
Your hands burn!
The jelly is almost dead.
The jelly barely misses you.
You hit the jelly but do no damage.
Your hands burn!
The jelly is almost dead.
The jelly hits you.
You are splashed with acid!
Your body deteriorates!
You feel weakened.
You hit the jelly but do no damage.
Your hands burn!
The jelly is almost dead.
Your skin crawls.
You feel strong-willed. The jelly barely misses you.
You hit the jelly but do no damage.
Your hands burn!
* * * LOW HITPOINT WARNING * * *
The jelly is almost dead.
The jelly hits you.
* * * LOW HITPOINT WARNING * * *
You are splashed with acid!
* * * LOW HITPOINT WARNING * * *
You hit the jelly but do no damage. The acid corrodes you!
Your hands burn!
* * * LOW HITPOINT WARNING * * *
The jelly is almost dead.
The jelly hits you.
* * * LOW HITPOINT WARNING * * *
The acid corrodes you!
You are splashed with acid!
You die...

###.###########
#?...J@.......#
#.#.###.#######
#.# #.# #.# #.#
#.# #.#
#######.#


You could see a jelly.

Vanquished Creatures
  Pikel (D:4)
  Edmund (D:4)
  A water moccasin (D:3)
  2 scorpions (D:4)
  A jelly (D:2)
  3 orc priests (D:4)
  3 orc wizards (D:4)
  4 gnolls (D:2)
  3 adders
  An ufetubus (D:4)
  A worm (D:2)
  5 dart slugs
  11 orcs
  3 endoplasms
  A giant cockroach (D:3)
  5 goblins
  8 hobgoblins
  11 jackals
  5 kobolds
  2 quokkas (D:3)
  5 ball pythons
  2 bats
  2 frilled lizards
  6 rats
87 creatures vanquished.

Notes
Turn   | Place    | Note
-------+----------+-------------------------------------------
     0 | D:1      | str0hmann the Human Berserker began the quest for the Orb.
     0 | D:1      | Reached XP level 1. HP: 18/18 MP: 1/1
   127 | D:1      | Gained mutation: You have supernaturally acute eyesight.
                  | (SInv) [potion of mutation]
   174 | D:1      | Reached XP level 2. HP: 24/24 MP: 2/2
   201 | D:1      | Lost mutation: You have supernaturally acute eyesight.
                  | (SInv) [potion of mutation]
   201 | D:1      | Gained mutation: You are agile. (Dex +4, Str/Int -1)
                  | [potion of mutation]
   201 | D:1      | Gained mutation: Your body sometimes deteriorates upon
                  | taking damage. [potion of mutation]
   484 | D:1      | Reached XP level 3. HP: 20/29 MP: 3/3
   497 | D:1      | Found a faded altar of an unknown god.
   833 | D:2      | Reached ** piety under Trog
   834 | D:2      | Reached skill level 1 in Short Blades
   834 | D:2      | Reached XP level 4. HP: 30/35 MP: 4/4
  1078 | D:2      | Reached XP level 5. HP: 21/41 MP: 5/5
  1299 | D:2      | Reached skill level 3 in Armour
  1535 | D:3      | Found Duntavij's Jewellery Emporium.
  1565 | D:3      | Noticed a water moccasin
  1579 | D:3      | Killed a water moccasin
  1580 | D:3      | Reached XP level 6. HP: 22/48 MP: 6/6
  2098 | D:4      | Noticed Edmund
  2119 | D:4      | Killed Edmund
  2120 | D:4      | Reached skill level 4 in Armour
  2120 | D:4      | Reached XP level 7. HP: 32/54 MP: 7/7
  2193 | D:4      | HP: 2/54 [orc wizard/+0 dagger (2)]
  2600 | D:4      | Noticed Pikel
  2627 | D:4      | Killed Pikel
  2628 | D:4      | Reached skill level 5 in Short Blades
  2628 | D:4      | Reached skill level 5 in Armour
  2628 | D:4      | Reached XP level 8. HP: 36/61 MP: 8/8
  2909 | D:4      | Reached skill level 6 in Armour
  3222 | D:5      | Entered Level 5 of the Dungeon
  3254 | D:5      | Splashed by a jelly's acid

Illustrated notes

Levels and vault maps discovered:
D:1:      reono_arrival_mine, layout_loops_cross,
          nicolae_ecumenical_snake_handling
D:2:      layout_basic, minmay_misc_feat_x, hex_medium
D:3:      layout_rooms, serial_glass, glass_columns_b, glass_columns_a,
          serial_shops, nicolae_shop_back_alley_shop, glass_columns_b
D:4:      layout_basic, uniq_edmund, uniq_pikel
D:5:      layout_basic, minmay_temple_entry_overgrown,
          ebering_ghost_rock_garden, eino_tiny_chamber

Skill      XL: |  1  2  3  4  5  6  7  8 |
---------------+-------------------------+-----
Short Blades   | 1 2 3 5 |  5.5
Armour         | 3 4 5 6 |  6.1
Fighting       | 4 |  4.8
Dodging        | 3 |  3.1
Maces & Flails | |  3.9

Action                     |  1- 3 |  4- 6 |  7- 9 || total
---------------------------+-------+-------+-------++-------
  Melee: Mace              |    21 |       |       ||    21
         Short sword       |    51 |    38 |       ||    89
         Punch             |       |     1 |     4 ||     5
         Dagger            |       |   149 |   194 ||   343
 Invoke: Berserk           |       |     4 |     4 ||     8
         Trog's Hand       |       |     1 |     2 ||     3
    Use: Potion            |     2 |     3 |     1 ||     6
         Scroll            |     1 |     2 |     1 ||     4
 Armour: Chain mail        |    25 |    94 |    77 ||   196
         Skin              |       |     4 |       ||     4
  Dodge: Dodged            |    29 |    80 |    60 ||   169
